 Dungeon Crawl Stone Soup version 0.20-a0-1122-gb7cbeb9 (webtiles) character file.

16866 Alarkh the Geomancer (level 12, 74/74 HPs)
             Began as a Demonspawn Earth Elementalist on May 14, 2017.
             Was a High Priest of Okawaru.
             Got out of the dungeon alive.
             The game lasted 00:22:08 (17466 turns).

Alarkh the Geomancer (DsEE)                        Turns: 17466, Time: 00:22:09

Health: 74/74      AC: 11    Str: 10    XL:     12   Next: 13%
Magic:  25/25      EV: 15    Int: 20    God:    Okawaru [*****.]
Gold:   658        SH:  0    Dex: 16    Spells: 25/30 levels left

rFire    + . .     SeeInvis .   a - +0 quarterstaff
rCold    + . .     Gourm    .   (shield currently unavailable)
rNeg     . . .     Faith    .   T - +0 steam dragon scales
rPois    .         Spirit   +   (helmet restricted)
rElec    .         Reflect  .   J - +0 cloak (curse)
rCorr    .         Harm     .   U - +4 pair of gloves of the Stag {+Inv rC+ Regen+}
MR       +....                  (boots unavailable)
Stlth    +++.......             (no amulet)
Regen    0.7/turn               B - ring of protection from magic
MPRegen  0.2/turn               x - +3 ring of evasion

@: no status effects
A: hooves 3, horns 1, agile 1, fire resistance 1, nightstalker 1, magic shield
a: Heroism, Finesse, Renounce Religion, Evoke Invisibility


You escaped.
You worshipped Okawaru.
Okawaru was extremely pleased with you.
You were hungry.

You visited 3 branches of the dungeon, and saw 12 of its levels.

You collected 658 gold pieces.

Inventory:

Hand Weapons
 a - a +0 quarterstaff (weapon)
 g - a +1 short sword of flaming
 M - a +1 morningstar
Armour
 c - a +0 robe
 i - a +1 pair of boots
 n - a +0 pair of gloves
 v - the cursed +0 chain mail "Laqof" {rC- Str+7, unknown}
   (You found it on level 9 of the Dungeon)

   It affects your strength (+7).
   It makes you vulnerable to cold.
   It has a curse placed upon it.
 J - a cursed +0 cloak (worn)
 T - +0 steam dragon scales (worn)
 U - the +4 pair of gloves of the Stag (worn) {+Inv rC+ Regen+}
   (You found it on level 9 of the Dungeon)

   It protects you from cold.
   It lets you turn invisible.
   It increases your rate of regeneration.
Magical Staves
 E - an uncursed staff of poison
 R - an uncursed staff of death
Jewellery
 q - an uncursed ring of poison resistance
 u - an uncursed ring of fire
 x - a +3 ring of evasion (right hand)
 B - a ring of protection from magic (left hand)
 H - an uncursed ring of see invisible
Wands
 y - a wand of iceblast (6/15)
Scrolls
 e - 2 scrolls of identify
 l - a scroll of noise
 m - a scroll of enchant armour {unknown}
 o - 4 scrolls of teleportation
 p - 4 scrolls of enchant weapon
 A - a scroll of blinking {unknown}
 C - 2 scrolls of remove curse
 F - a scroll of immolation {unknown}
 I - a scroll of torment {unknown}
 K - a scroll of fear {unknown}
 L - a scroll of summoning {unknown}
 N - 2 scrolls of vulnerability {unknown}
 P - a scroll of fog {unknown}
 S - 6 scrolls of magic mapping {unknown}
Potions
 f - a potion of haste
 r - a potion of flight
 s - a potion of ambrosia
 t - 4 potions of heal wounds
 w - 3 potions of curing
 z - a potion of degeneration
 D - 3 potions of magic
 Q - a potion of brilliance
Books
 h - a book of Maledictions

   Spells                             Type                      Level
   a - Corona                         Hexes                        1
   b - Ensorcelled Hibernation        Hexes/Ice                    2
   c - Confuse                        Hexes                        3
   d - Tukima's Dance                 Hexes                        3
   e - Dazzling Spray                 Conjuration/Hexes            3
 j - a book of Geomancy

   Spells                             Type                      Level
   a - Sandblast                      Earth                        1
   b - Passwall                       Transmutation/Earth          2
   c - Stone Arrow                    Conjuration/Earth            3
   d - Petrify                        Transmutation/Earth          4
   e - Lee's Rapid Deconstruction     Earth                        5
 O - a book of Flames

   Spells                             Type                      Level
   a - Flame Tongue                   Conjuration/Fire             1
   b - Throw Flame                    Conjuration/Fire             2
   c - Conjure Flame                  Conjuration/Fire             3
   d - Inner Flame                    Hexes/Fire                   3
   e - Sticky Flame                   Conjuration/Fire             4
   f - Fireball                       Conjuration/Fire             5
 W - a book of Beasts

   Spells                             Type                      Level
   a - Summon Butterflies             Summoning                    1
   b - Call Canine Familiar           Summoning                    3
   c - Summon Ice Beast               Ice/Summoning                4
   d - Summon Mana Viper              Hexes/Summoning              5
   e - Summon Hydra                   Summoning                    7
Comestibles
 b - 5 meat rations
 d - 8 bread rations
 k - 5 fruits
 G - 3 royal jellies


   Skills:
 * Level 9.3 Staves
 - Level 1.7 Dodging
 - Level 1.7 Stealth
 + Level 9.6 Spellcasting
 + Level 9.6 Conjurations
 - Level 0.8 Transmutations
 + Level 9.8 Earth Magic


You had 25 spell levels left.
You knew the following spells:

 Your Spells              Type           Power        Failure   Level  Hunger
a - Stone Arrow           Conj/Erth      #####.       1%          3    None
b - Passwall              Tmut/Erth      ####......   1%          2    None


Dungeon Overview and Level Annotations

Branches:
Dungeon (9/15)             Temple (1/1) D:5            Lair (2/6) D:9
  Swamp: Lair:2-4    Shoals: Lair:2-4     Snake: Lair:2-4    Spider: Lair:2-4
    Orc: D:9-12

Altars:
Ashenzari
Cheibriados
Dithmenos
Elyvilon
Fedhas
Gozag
Hepliaklqana
Kikubaaqudgha
Makhleb
Nemelex Xobeh
Okawaru
Qazlal
Ru
Sif Muna
Trog
Uskayaw
Vehumet
Wu Jian
Xom
Yredelemnul
Zin
The Shining One

Shops:
D:7 (

Annotations:
D:1 1 exclusion


Innate Abilities, Weirdness & Mutations

You have hooves in place of feet.
You are slightly more attuned to the shadows.
When hurt, damage is shared between your health and your magic reserves.
You have a pair of small horns on your head.
You are agile. (Dex +2)
Your flesh is heat resistant. (rF+)


Message History

There is an open door here.
There is a stone staircase leading up here.
You climb upwards.
There is a stone staircase leading down here.
You are feeling hungry.
(D) Dungeon (T) Temple (L) Lair
Where to? (Enter - D:1, ? - help)
There is a stone staircase leading up here.
You climb upwards.
There is a stone staircase leading down here.
You see here a club.
There is a stone staircase leading up here.
You climb upwards.
Level annotation: 1 exclusion
There is a stone staircase leading down here.
There is a fountain of clear blue water here.
There is a dry fountain here.
There is a staircase leading out of the dungeon here.
Are you sure you want to leave the Dungeon?
This will make you lose the game!
You have escaped!

.....#......⌠.......⌠......#..#
.....##...................##.##
......##..⌠...⌠...⌠...⌠..##..#
..#...###...............##..###
..#...# ##.⌠....⌠....⌠.##.....#
..#...# ##...........##..#.#.# #
.....#######..⌠...⌠..##.......# #
.....# #...##.......##.....#..###
.....###...###..@..##..###.#..#..
#....##....# ##...##.....#.#.##.#
..........## #####........#.##.#
..........# #.....##.#......#
........#########........#.#.####
................#.......##...#
...#####........##.........#.####
...##..............###..##.#.....
...##.....####.....# #..####..###


There were no monsters in sight!

Vanquished Creatures
  A hydra (Lair:1)
  Erica (Lair:2)
  5 death yaks
  Pikel (D:5)
  Joseph (D:9)
  4 spiny frogs
  The ghost of Phong the Changer, a novice MfTm (D:4)
  3 blink frogs
  The ghost of Noname the Conjurer, an amateur DsWz of Okawaru (D:5)
  2 hippogriffs
  29 yaks
  A hungry ghost (D:7)
  Eustachio (D:5)
  2 steam dragons (D:9)
  A basilisk (Lair:1)
  Edmund (D:6)
  A water moccasin (D:6)
  3 orc warriors
  A porcupine (Lair:1)
  A slave (D:4)
  3 ice beasts
  3 phantoms
  4 ogres
  4 wolves (Lair:2)
  3 centaurs
  A crocodile (Lair:2)
  A big kobold (D:7)
  Blork the orc (D:5)
  4 bullfrogs
  A wyvern zombie (D:7)
  3 scorpions
  5 killer bees (D:9)
  6 howler monkeys
  4 crimson imps
  A bullfrog zombie (D:7)
  6 hounds
  3 jellies
  An orc priest (D:6)
  Crazy Yiuf (D:4)
  A bullfrog skeleton (D:8)
  An iguana (D:9)
  5 orc wizards
  12 worker ants
  A hound skeleton (D:4)
  A worker ant zombie (D:6)
  10 adders
  A shadow imp (D:6)
  2 oozes
  An adder skeleton (D:5)
  2 worms
  7 leopard geckos
  26 orcs
  10 giant cockroaches
  5 goblins
  10 hobgoblins
  5 jackals
  3 quokkas
  2 ball pythons
  10 bats
  A frilled lizard (D:1)
  17 kobolds
  10 rats
259 creatures vanquished.

Vanquished Creatures (others)
  2 slaves (D:5)
  An adder (D:5)
  A bat (D:1)
  5 fungi (Lair:2)
  6 plants (Lair:2)
15 creatures vanquished.

Grand Total: 274 creatures vanquished

Notes
Turn   | Place    | Note
-------+----------+-------------------------------------------
     0 | D:1      | Alarkh the Demonspawn Earth Elementalist began the quest for the Orb.
     0 | D:1      | Reached XP level 1. HP: 13/13 MP: 3/3
   581 | D:1      | Gained mutation: You are slightly more attuned to the shadows. [demonic ancestry]
   581 | D:1      | Reached XP level 2. HP: 19/19 MP: 3/5
  1349 | D:2      | Reached XP level 3. HP: 24/24 MP: 5/7
  1417 | D:2      | Found a radiant altar of Vehumet.
  1747 | D:2      | Learned a level 2 spell: Passwall
  1751 | D:2      | Learned a level 3 spell: Stone Arrow
  2743 | D:3      | Reached XP level 4. HP: 30/30 MP: 8/8
  3284 | D:3      | Reached skill level 1 in Conjurations
  3779 | D:4      | Noticed Phong's ghost (novice MfTm)
  3781 | D:4      | Noticed a phantom
  3883 | D:3      | Killed a phantom
  3883 | D:3      | Gained mutation: You have large cloven feet. [demonic ancestry]
  3883 | D:3      | Reached XP level 5. HP: 26/35 MP: 2/10
  4096 | D:4      | Killed Phong's ghost
  4096 | D:4      | Reached skill level 5 in Earth Magic
  4096 | D:4      | Reached XP level 6. HP: 17/41 MP: 0/12
  4096 | D:4      | Gained mutation: You have hoof-like feet. [demonic ancestry]
  4096 | D:4      | Reached XP level 7. HP: 19/46 MP: 0/13
  4524 | D:4      | Found a runed door.
  4782 | D:4      | Noticed Crazy Yiuf
  4802 | D:4      | Killed Crazy Yiuf
  4873 | D:5      | Entered Level 5 of the Dungeon
  4979 | D:5      | Reached skill level 5 in Spellcasting
  5166 | D:5      | Noticed Blork the orc
  5171 | D:5      | Killed Blork the orc
  5395 | D:5      | Noticed Pikel
  5439 | D:5      | Killed Pikel
  5439 | D:5      | Reached XP level 8. HP: 19/52 MP: 0/16
  5694 | D:5      | Noticed Noname's ghost (amateur DsWz)
  5697 | D:5      | Killed Noname's ghost
  5697 | D:5      | Reached skill level 5 in Conjurations
  5891 | D:5      | Noticed Eustachio
  5896 | D:5      | Killed Eustachio
  6005 | D:5      | Found a staircase to the Ecumenical Temple.
  6040 | Temple   | Entered the Ecumenical Temple
  6235 | Temple   | Became a worshipper of Warmaster Okawaru
  6994 | D:6      | Reached * piety under Okawaru
  6994 | D:6      | Reached XP level 9. HP: 57/57 MP: 12/19
  7270 | D:6      | Noticed Edmund
  7283 | D:6      | Killed Edmund
  8344 | D:7      | Reached skill level 1 in Staves
  8914 | D:7      | Reached ** piety under Okawaru
  9196 | D:7      | Found Ishatis's Antique Weapon Emporium.
 10283 | D:7      | Reached XP level 10. HP: 55/63 MP: 12/21
 11429 | D:8      | Reached *** piety under Okawaru
 11956 | D:9      | Reached skill level 5 in Staves
 12340 | D:9      | Got a pair of brightly glowing gloves
 12351 | D:9      | Identified the +4 pair of gloves of the Stag {+Inv rC+ Regen+} (You found it on level 9 of the Dungeon)
 12784 | D:9      | Noticed a death yak
 12785 | D:9      | Noticed a death yak
 12786 | D:9      | Found a staircase to the Lair.
 12787 | D:9      | Noticed a death yak
 12787 | D:9      | Noticed a death yak
 12788 | D:9      | Noticed a death yak
 12806 | D:9      | Killed a death yak
 12820 | D:9      | Gained mutation: Your flesh is heat resistant. (rF+) [potion of mutation]
 12820 | D:9      | Gained mutation: You have a pair of small horns on your head. [potion of mutation]
 12820 | D:9      | Gained mutation: You are agile. (Dex +2) [potion of mutation]
 12845 | D:9      | Killed a death yak
 12845 | D:9      | Reached **** piety under Okawaru
 12974 | D:8      | Killed a death yak
 13396 | D:9      | Noticed Joseph
 13409 | D:9      | Killed Joseph
 13409 | D:9      | Gained mutation: When hurt, damage is shared between your health and your magic reserves. [demonic ancestry]
 13409 | D:9      | Reached XP level 11. HP: 68/68 MP: 0/23
 13971 | D:9      | Killed a death yak
 13971 | D:9      | Reached ***** piety under Okawaru
 14066 | D:9      | Got an encrusted chain mail
 14214 | D:9      | Killed a death yak
 14475 | Lair:1   | Entered Level 1 of the Lair of Beasts
 15268 | Lair:1   | Noticed a seven-headed hydra
 15273 | Lair:1   | Killed a seven-headed hydra
 15727 | Lair:2   | Noticed Erica
 15886 | Lair:2   | Killed Erica
 16227 | Lair:2   | Received a gift from Okawaru
 16862 | Lair:2   | Gained mutation: You have hooves in place of feet. [demonic ancestry]
 16862 | Lair:2   | Reached XP level 12. HP: 74/74 MP: 12/25
 17466 | D:$      | Got out of the dungeon alive.

Vault maps used:
D:1:      dpeg_arrival_lava_temple_mockup, minmay_misc_feat_columns,
          lemuel_another_geyser
D:2:      marbit_many_paths, kennysheep_generic_room_14
D:4:      uniq_crazy_yiuf_cottage
D:5:      minmay_temple_entry_purple_smoke, first_bread, uniq_blork_the_orc,
          uniq_pikel, uniq_eustachio
D:6:      uniq_edmund
D:7:      kennysheep_spiral_hall, serial_shops, nicolae_shop_waterfront,
          grunt_ogre_cave
D:9:      cheibrodos_steamvent, dpeg_lair_monsters, hangedman_glass_teeth,
          uniq_joseph
Temple:   kilobyte_greek_temple
Lair:2:   uniq_erica

Skill      XL: |  1  2  3  4  5  6  7  8  9 10 11 |
---------------+----------------------------------+-----
Earth Magic    | 3 4 5 6 7 8 9 |  9.8
Spellcasting   | 3 4 5 6 7 8 9 |  9.6
Conjurations   | 1 3 4 6 7 8 9 |  9.6
Staves         | 4 6 9 |  9.3
Dodging        | |  1.7
Stealth        | |  1.7
Transmutations | |  0.8

Action                   |  1- 3 |  4- 6 |  7- 9 | 10-12 || total
-------------------------+-------+-------+-------+-------++-------
Melee: Unarmed           |    35 |       |       |       ||    35
       Short sword       |    25 |    39 |       |       ||    64
       Morningstar       |       |       |    43 |       ||    43
       Quarterstaff      |       |       |    68 |   423 ||   491
       Headbutt          |       |       |       |    64 ||    64
       Kick              |       |       |       |    23 ||    23
 Cast: Sandblast         |    61 |    38 |   135 |       ||   234
       Stone Arrow       |       |     3 |    62 |   209 ||   274
Invok: Heroism           |       |       |       |     6 ||     6
Evoke: Wand              |       |       |     1 |     1 ||     2
  Use: Scroll            |     1 |     1 |     5 |     2 ||     9
       Potion            |       |       |       |    12 ||    12
 Stab: Sleeping          |     1 |     5 |     1 |       ||     7
       Distracted        |     1 |       |     2 |       ||     3
       Invisible         |       |       |       |     3 ||     3
  Eat: Chunk             |     6 |     2 |    13 |    20 ||    41
       Royal jelly       |       |     1 |     1 |       ||     2
       Meat ration       |       |       |     1 |       ||     1
       Fruit             |       |       |       |     3 ||     3
Armor: Robe              |    27 |    13 |    46 |    13 ||    99
       Steam dragon scal |       |       |       |    87 ||    87
       Skin              |       |       |       |     4 ||     4
Dodge: Dodged            |    67 |    36 |   178 |   339 ||   620
